[Event "Reykjavik Open 2025"]
[Site "Reykjavik"]
[Date "2025.04.12"]
[Round "5.1"]
[White "Muradli, Mahammad"]
[Black "Gupta, Abhijeet"]
[Result "1-0"]
[Annotator "TA"]
[ECO "D90"]
[WhiteElo "2588"]
[BlackElo "2576"]
[PlyCount "131"]
[EventDate "2025.04.09"]
[EventType "swiss"]
[EventCountry "ISL"]
[SourceTitle "playchess.com"]
[Source "ChessBase"]
[SourceQuality "1"]
[TimeControl "40/5400+30:1800+30"]

1. d4 Nf6 2. c4 g6 3. Nc3 d5 4. Nf3 Bg7 5. h4 c6 6. cxd5 {[%emt 0:02:34] D90: Grünfeld: 4 Nf3 Bg7 sidelines.} cxd5 7. Bf4 Nc6 8. e3 {[%emt 0:00:07] The position is equal.} O-O 9. Qb3 a6 10. Rc1 Re8 11. Ne5 $5 $146 {[%emt 0:05:09][%mdl 8] An interesting novelty.} (11. Be2 Bg4 12. Qxb7 Bxf3 13. Bxf3 e5 14. dxe5 Nxe5 15. Bxe5 Rxe5 16. O-O Re7 17. Qb3 {½-½ Giri,A (2764)-Nepomniachtchi,I (2784) Airthings Masters Prelim rapid 2020 (1)}) 11... Na5 ({Black should play} 11... Ng4 $11) 12. Qa3 Bf5 13. Be2 Rc8 14. Qb4 (14. O-O $14) 14... Bf8 $11 15. O-O Nd7 (15... b5 $11 {should be considered.} 16. Qa3 Qb6) 16. Rfd1 (16. Nxd5 Nxe5 17. Bxe5 Qxd5 $17) 16... f6 $1 {[%emt 0:10:27] The position is symmetric and equal} 17. Nxd7 Bxd7 18. Nxd5 Rxc1 (18... e5 $11 19. Rc5 (19. Rxc8 Bxc8 20. Nxf6+ Qxf6 $15) 19... exf4 (19... Bxc5 20. dxc5 exf4 21. Nb6 $11) 20. Qxa5 Bxc5 21. Qxd8 Rexd8 22. dxc5 Kf7) 19. Rxc1 $16 Bc6 {[%emt 0:00:10] Black is weak on the dark squares} 20. Rc5 {[%emt 0:18:52] White is much more active.} ({White should play} 20. Nc7 $1 $16 e5 21. Qxa5 exf4 22. d5 (22. Nxe8 $2 Qxa5 23. Bc4+ Kh8 $19)) 20... Bxd5 (20... e5 $1 $11 {keeps the balance.} 21. Qxa5 exf4 22. Qxd8 Rxd8 23. Rxc6 (23. Nxf6+ Kg7 $11) 23... bxc6 24. Nxf4 a5) 21. Bc7 $1 (21. Rxa5 e5 22. Qc3 exd4 $11 (22... exf4 $2 23. Rxd5 Qc8 24. Bc4 $18)) (21. Qxa5 b6 22. Rxd5 bxa5 $11) 21... Qd7 22. Qxa5 e6 23. Rc3 Rc8 24. a3 Be7 25. Bg3 f5 26. h5 g5 27. Be5 (27. f3 {simplifies} f4 28. exf4 Bd6 29. Rxc8+ Qxc8 30. Qd2) 27... Kf7 28. g4 Bd8 29. Qb4 Be7 30. Qb6 fxg4 31. Rc7 {[%emt 0:13:19] Chess con chili.} (31. Bxg4 Rxc3 32. bxc3 Qc6) 31... Rxc7 32. Qxc7 {[%emt 0:00:02][%csl Oe5] Strong Square White (e5)} (32. Bxc7 $6 Qa4 33. Bd8 (33. Bxg4 $2 Qc2 $17) 33... Bxd8 34. Qxd8 Qc2 $11) 32... Qxc7 33. Bxc7 Bf3 34. Bxf3 gxf3 {[%emt 0:00:03][%mdl 4096] Endgame KB-KB} 35. Kh2 $1 Kf6 36. e4 g4 37. Bf4 e5 38. dxe5+ (38. Bxe5+ Kg5) 38... Ke6 39. Kg3 {[%emt 0:00:12] Wards off Bh4+} Bc5 40. a4 b5 41. b3 (41. Kxg4 $6 bxa4 42. Kg3 (42. Kxf3 Bd4 $11) 42... Bd4 $14) 41... Bd4 (41... bxa4 42. bxa4 (42. Kxg4 $2 axb3 43. Bc1 Bxf2 $19) 42... Bd4 43. Kxg4 Bxf2 44. Kxf3 $18) 42. Kxg4 Bxf2 43. Kxf3 Bc5 44. Ke2 Bd4 45. Kd3 Bb2 46. Bg3 Ba1 47. Bh2 Bb2 48. Bg3 Ba1 $1 49. Ke3 Bc3 50. Kf3 Bb4 51. Kg4 Be7 52. Bh2 Bd8 53. Bg3 Be7 54. Kf4 Bd8 55. Bf2 Ba5 56. Bg3 Bd8 $1 57. Bf2 Ba5 $1 58. Be3 Bc3 $2 (58... Bd8 $16 {is a better chance.} 59. Bd4 Ba5) 59. axb5 $18 axb5 60. Kg5 $2 (60. Bc1 $1 $18 {Strongly threatening Kg5.} b4 61. Ke3) 60... Kxe5 $16 (60... Bxe5 $2 {loses.} 61. Kh6 $18) 61. Kh6 $1 Kxe4 62. Bc5 b4 $2 (62... Kd5 $16 63. Bf8 Ke6) 63. Kxh7 {[%emt 0:00:07] White mates.} Kd3 64. Kg6 Kc2 {[%emt 0:00:03] [#]} 65. h6 $1 Kxb3 {[%emt 0:00:53] [#]} 66. Bf8 $1 {[%emt 0:00:35] Weighted Error Value: White=0.22 (precise) /Black=0.22 (precise)   Loses game:     	---       	Black=2      Missed win:     	White=1     	---        Mistake:       	White=2     	Black=4      Inaccurate:     	White=2     	Black=1      OK:         	White=24    	Black=20     Best:        	White=4     	Black=11     Strong:       	White=3     	Black=4} 1-0

[Event "Reykjavik Open 2025"]
[Site "Reykjavik"]
[Date "2025.04.12"]
[Round "5.2"]
[White "Jacobson, Brandon"]
[Black "Maghsoodloo, Parham"]
[Result "0-1"]
[Annotator "TA"]
[ECO "B92"]
[WhiteElo "2570"]
[BlackElo "2684"]
[PlyCount "80"]
[EventDate "2025.04.09"]
[EventType "swiss"]
[EventCountry "ISL"]
[SourceTitle "playchess.com"]
[Source "ChessBase"]
[SourceQuality "1"]
[TimeControl "40/5400+30:1800+30"]

1. e4 c5 2. Nf3 d6 3. d4 cxd4 4. Nxd4 Nf6 5. Nc3 a6 6. Be2 e5 7. Nb3 Be7 8. Be3 Be6 9. f4 {[%emt 0:01:11] 9.Nd5 is the modern continuation.} b5 $5 {[%emt 0:11:28][%mdl 4] Leaves trodden paths. B92: Sicilian Najdorf: 6 Be2.} 10. f5 Bd7 11. a3 Bc6 {[%emt 0:05:04] The position is equal.} 12. Bf3 a5 13. Qd3 Qd7 14. O-O O-O 15. Rfd1 $146 (15. Nd5 Bxd5 16. exd5 Rc8 17. Nd2 Na6 18. c3 Nc5 19. Bxc5 Rxc5 20. Kh1 Rcc8 21. Ne4 {0-1 Volovici,D (2378)-Marrone,V (2247) W-ch38 prel06 email 2014}) 15... Qb7 16. g4 h6 17. h4 Nh7 18. Bf2 $1 Nd7 19. Nd5 {[%emt 0:00:45] Wards off Nhf6} Bd8 20. Nd2 Nc5 21. Qe2 Rc8 22. b3 (22. Nb3 $11) 22... Bxd5 $15 23. exd5 e4 $1 24. Bg2 {[%emt 0:04:37] [#]} (24. Bxe4 Bf6 25. Bg2 Rfe8 $17) (24. Nxe4 $11 Nxe4 25. Qxe4) 24... Re8 $1 $17 (24... Qxd5 $2 25. Nc4 (25. Nxe4 Qe5 $11) (25. Bxe4 Nxe4 26. Nxe4 Qe5 $15) 25... Qc6 26. Nxd6 $18 (26. Rxd6 Qc7 $11)) (24... Bf6 25. b4 Na4 (25... axb4 26. axb4 Na4 27. Nxe4 $17) 26. Nxe4 Bxa1 27. Nxd6) 25. Bxc5 (25. Nxe4 $2 Nxe4 26. Rd4 Nef6 $19) 25... Rxc5 26. Nxe4 Rc8 (26... Bxh4 $2 27. Nxc5 Qb8 28. Ne4 $18) (26... Rxd5 $2 27. Rxd5 Qxd5 (27... Bb6+ $2 28. Kf1 $18) 28. Nf6+ Nxf6 29. Qxe8+ Nxe8 30. Bxd5 $18) 27. Kh1 Bxh4 28. Rd3 Qe7 29. Re3 {[%emt 0:00:24] [#]} (29. Rad1 $17 {keeps fighting.}) 29... Bg5 $1 $19 30. Rh3 ({Don't play} 30. Nf6+ Bxf6 31. Rxe7 Rxe7 $19) 30... Nf6 31. Re1 Nxd5 {[%emt 0:00:46] ...Nf4 is the strong threat.} 32. Qxb5 Nc7 33. Qc6 (33. Qxa5 d5 34. Rc3) 33... d5 34. Rc3 Qf8 35. Qb7 Bf4 36. Rf3 Bg5 (36... Rxe4 37. Rxe4 dxe4 38. Rxf4 $15) (36... dxe4 37. Rxf4 e3 38. Qf3 $17) 37. Rc3 $1 Bf4 38. Rf3 $1 Bd6 ({Less strong is} 38... Rxe4 39. Rxe4 Rb8 40. Qa7 $15 (40. Qc6 dxe4 41. Rxf4 e3 $16)) (38... dxe4 39. Rxf4 e3 40. Rf3 $15) (38... Bd2 $142 39. Nxd2 Rxe1+ 40. Rf1 Rxf1+ 41. Bxf1 Qd8) 39. Nxd6 Rxe1+ 40. Bf1 Rd8 {[%emt 0:00:10] Weighted Error Value: White=0.28 (precise) /Black=0.43  Mistake:       	White=4     	Black=1      Inaccurate:     	White=2     	Black=1      OK:         	White=7     	Black=15     Best:        	White=2     	Black=3      Strong:       	White=3     	Black=3} 0-1

[Event "Reykjavik Open 2025"]
[Site "Reykjavik"]
[Date "2025.04.12"]
[Round "5.3"]
[White "Royal, Shreyas"]
[Black "Ivic, Velimir"]
[Result "1/2-1/2"]
[Annotator "TA"]
[ECO "B07"]
[WhiteElo "2465"]
[BlackElo "2623"]
[PlyCount "142"]
[EventDate "2025.04.09"]
[EventType "swiss"]
[EventCountry "ISL"]
[SourceTitle "playchess.com"]
[Source "ChessBase"]
[SourceQuality "1"]
[TimeControl "40/5400+30:1800+30"]

1. d4 d6 2. e4 Nf6 3. Nc3 g6 4. Be3 Bg7 5. Qd2 c6 6. f3 b5 7. h4 h5 8. Nh3 Nbd7 {[%emt 0:06:03] B07: Pirc Defence: Miscellaneous Systems.} 9. Ng5 {[%emt 0:04:32][%cal Oe4e5] and e5! would now be decisive} Nb6 10. Bd3 e5 $146 (10... Nc4 $11 {keeps the balance.} 11. Bxc4 bxc4) (10... Qc7 11. O-O O-O 12. a4 b4 13. Nd1 a5 14. c4 bxc3 15. bxc3 c5 16. dxc5 dxc5 {0-1 Loiacono,L (2303)-Filgueira,H (2283) Titled Tuesday intern op 21st Mar Early blitz 2023 (7)}) 11. O-O-O exd4 12. Bxd4 b4 13. Ne2 {[%emt 0:00:45] A sharp opening} O-O 14. b3 (14. Qxb4 c5 15. Qa3 cxd4 16. Nxd4 Ne8 $19) 14... a5 15. Bb2 (15. g4 $1 $16) 15... a4 $15 16. Qxb4 axb3 $1 {[%emt 0:01:47] Black sacrificed a pawn} 17. axb3 (17. Qxb3 $15 Na4 18. Bd4) 17... Ra2 $1 $17 18. Qe1 {[%emt 0:00:56] [#]} (18. e5 $17 Nfd5 19. Qd2) 18... Rxb2 $1 $19 19. Kxb2 Nxe4+ 20. c3 Nxg5 (20... Nc5 $142 21. Bc2 Re8) 21. hxg5 $17 Qxg5 22. Qf2 {[%emt 0:04:47] [#]} (22. Qh4 $15 Qa5 (22... Qxg2 23. Rdf1 $11) 23. b4) 22... c5 (22... Nd5 $1 $19 23. Be4 Be6) 23. Qh4 $1 $132 {[%emt 0:02:39][%mdl 2048] White is not holding back} Qe5 24. Qe4 Qf6 25. Qc6 d5 26. Qxc5 {[%emt 0:01:33] Active counter play!} (26. Qxf6 {simplifies} Bxf6 27. Ra1 Re8 28. Rhe1) 26... Bd7 27. Nd4 $2 (27. Qb4 $11) 27... Rc8 $19 {[%emt 0:00:38][%mdl 1024] Black has strong compensation.} 28. Qa5 Ra8 29. Qc5 {[%emt 0:00:51] [#]} Bf8 $1 30. Qc7 Bd6 31. Qb7 Rb8 (31... Bc5 $19 32. Ra1 Rc8) 32. Qa7 $17 Ra8 $2 (32... Be5 $17 33. f4 Ra8 (33... Qxf4 34. Rhf1 $17) 34. Qxa8+ Nxa8 35. fxe5 Qf2+ (35... Qxe5 36. Be2 $15) 36. Bc2 Nc7 (36... Qxg2 37. Rhg1 $16)) 33. Qb7 $19 Be5 {[%emt 0:01:18] A strong pair of Bishops.} 34. Ra1 Rb8 35. Qa7 Rc8 36. Ra6 Bxd4 37. cxd4 Qxd4+ {[%emt 0:00:12] Black attacks} 38. Ka2 Qxd3 39. Qxb6 Qd2+ (39... Qe2+ $19 40. Ka3 d4 (40... Qxg2 $2 41. Re1 $19)) 40. Ka3 $17 Rc2 (40... d4 $17 41. g4 Be6 (41... hxg4 $2 42. Qf6 $18)) 41. Ra1 Rc8 {[%emt 0:08:08][%cal Od5d4] Prevents Qd8+.} 42. Qb7 Be6 (42... Qd4 {with more complications.} 43. Rb1 Rc2 44. Qb6 Qc3) 43. Ra8 (43. Rxe6 $2 Qa5+ 44. Kb2 Qc3+ 45. Ka2 fxe6 $19) 43... Qc3 (43... Rxa8+ 44. Qxa8+ Kh7 45. Ra2 Qc1+ 46. Kb4 $17) 44. Rb1 (44. Rxc8+ $2 Bxc8 45. Qxd5 Qxa1+ $19) 44... Qc5+ 45. Ka2 d4 46. Rxc8+ Bxc8 $11 {[%emt 0:00:02][%mdl 4096] Endgame KQR-KQB} 47. Qa8 {[%emt 0:00:00] Prevents Qa5+.} d3 48. Qa3 {[%emt 0:00:00] Repels d2} Qg5 (48... Qxa3+ $2 49. Kxa3 g5 50. Rd1 $18) 49. Qd6 (49. Qb2 $11) 49... Qd2+ (49... Qxg2+ $15 50. Ka3 (50. Rb2 $2 Qg5 $19) 50... Qc2 (50... Qxf3 $2 51. Qd8+ Kg7 52. Qxc8 $18)) 50. Ka3 Qa5+ 51. Kb2 Qd2+ 52. Ka3 Be6 53. Qd4 Qa5+ 54. Kb2 Qd2+ 55. Ka3 Qxg2 56. Qxd3 Bf5 57. Qd8+ Kh7 58. Re1 ({White should try} 58. Qc7 $15) 58... Qxf3 $17 59. Re8 (59. Qe7 $17 {might work better.} Qa8+ 60. Kb4) 59... Qc3 $19 60. Qd6 Be6 61. Rb8 h4 $2 ({Better is} 61... g5 $19 {and ...h4 would now be decisive} 62. Qd8 Qg7) 62. Qd8 $1 $11 {[%emt 0:00:40] The position is equal.} Qc5+ 63. Ka4 $1 g5 64. Rb5 $1 {[%emt 0:00:38] Some like it hot} Qa7+ 65. Kb4 Qe3 66. Qxg5 Qxg5 67. Rxg5 {[%emt 0:00:01] KR-KB} Kh6 {[%emt 0:00:23] Repels Rh5+} 68. Rg8 h3 69. Kc3 Kh5 70. Kd4 Bxb3 71. Ke3 Be6 {[%emt 0:00:33] Weighted Error Value: White=0.21 (precise) /Black=0.19 (very precise)   Loses game:     	White=1     	---        Missed win:     	---       	Black=1      Mistake:       	White=7     	Black=8      Inaccurate:     	White=2     	Black=1      OK:         	White=22    	Black=19     Best:        	White=8     	Black=6      Strong:       	White=4     	Black=3      Brilliant:      	---       	Black=1} 1/2-1/2

[Event "Reykjavik Open 2025"]
[Site "Reykjavik"]
[Date "2025.04.12"]
[Round "5.4"]
[White "Lu, Shanglei"]
[Black "Gorshtein, Ido"]
[Result "1/2-1/2"]
[Annotator "ChessBase"]
[ECO "B13"]
[WhiteElo "2618"]
[BlackElo "2557"]
[PlyCount "82"]
[EventDate "2025.04.09"]
[EventType "swiss"]
[EventCountry "ISL"]
[SourceTitle "playchess.com"]
[Source "ChessBase"]
[SourceQuality "1"]
[TimeControl "40/5400+30:1800+30"]

1. e4 c6 2. d4 d5 3. exd5 cxd5 4. Bd3 Nf6 5. c3 Bg4 6. Qb3 Qc7 7. h3 Bd7 8. Nf3 e6 9. O-O Bd6 10. Re1 Bc6 11. Ne5 Nbd7 12. f4 Ne4 13. Nd2 f5 14. Ndf3 O-O 15. Be3 Qb6 16. Qc2 Ndf6 17. a4 a5 18. Kh2 Qd8 19. g3 Qe8 20. Rg1 Kh8 21. Rg2 Rc8 22. Qd1 Rc7 23. Bc2 g6 24. g4 fxg4 25. hxg4 Rg7 26. Qe2 g5 27. fxg5 Nd7 28. Kg1 Nxe5 29. dxe5 Be7 30. Rh2 Kg8 31. Rh3 h5 32. gxh6 Rxg4+ 33. Kh2 Kh8 34. Rg1 Rxg1 35. Bxg1 Ng5 36. Nxg5 Bxg5 37. Be3 Bxe3 38. Qxe3 Qf7 39. Bd3 d4 40. Qg3 dxc3 41. bxc3 Rg8 1/2-1/2

[Event "Reykjavik Open 2025"]
[Site "Reykjavik"]
[Date "2025.04.12"]
[Round "5.5"]
[White "Safarli, Eltaj"]
[Black "Adhiban, B.."]
[Result "1-0"]
[Annotator "ChessBase"]
[ECO "B47"]
[WhiteElo "2617"]
[BlackElo "2554"]
[PlyCount "67"]
[EventDate "2025.04.09"]
[EventType "swiss"]
[EventCountry "ISL"]
[SourceTitle "playchess.com"]
[Source "ChessBase"]
[SourceQuality "1"]
[TimeControl "40/5400+30:1800+30"]

1. e4 c5 2. Nf3 e6 3. d4 cxd4 4. Nxd4 Nc6 5. Nc3 Qc7 6. Ncb5 Qb8 7. Bd3 Nf6 8. O-O Be7 9. Qe2 O-O 10. Bg5 d6 11. c4 h6 12. Bh4 Ne5 13. f4 Ng6 14. Bg3 a6 15. e5 axb5 16. exf6 Bxf6 17. Nxb5 Bd7 18. f5 Ne5 19. fxe6 fxe6 20. Bc2 Bc6 21. a4 Bxb5 22. cxb5 Qc7 23. Qe4 Qc4 24. Qh7+ Kf7 25. Rxf6+ Kxf6 26. Bxe5+ dxe5 27. Rf1+ Ke7 28. Qxg7+ Kd6 29. Rd1+ Kc5 30. Qxe5+ Kb6 31. a5+ Kxa5 32. b4+ Qxb4 33. Qc7+ Kxb5 34. Bd3+ 1-0

[Event "Reykjavik Open 2025"]
[Site "Reykjavik"]
[Date "2025.04.12"]
[Round "5.6"]
[White "Ivanchuk, Vasyl"]
[Black "Hagner, Bennet"]
[Result "1-0"]
[Annotator "ChessBase"]
[ECO "A28"]
[WhiteElo "2604"]
[BlackElo "2430"]
[PlyCount "75"]
[EventDate "2025.04.09"]
[EventType "swiss"]
[EventCountry "ISL"]
[SourceTitle "playchess.com"]
[Source "ChessBase"]
[SourceQuality "1"]
[TimeControl "40/5400+30:1800+30"]

1. c4 Nf6 2. Nc3 e5 3. e3 Nc6 4. Nf3 d5 5. cxd5 Nxd5 6. Qc2 Nxc3 7. bxc3 Bd6 8. Be2 O-O 9. O-O Re8 10. d4 h6 11. Bb2 a5 12. Rad1 Qe7 13. Nd2 a4 14. Bf3 Bd7 15. Nc4 a3 16. Ba1 e4 17. Be2 b5 18. Nxd6 cxd6 19. c4 bxc4 20. d5 Na5 21. Rb1 Qg5 22. Rfd1 Bh3 23. g3 Re7 24. Rb6 Qg6 25. Rdb1 Raa7 26. Bd4 Kh7 27. R6b5 Bd7 28. Rb8 Ra6 29. R1b6 Ra7 30. h4 Bg4 31. Bf1 Rab7 32. Qc3 Rxb8 33. Rxb8 Nb7 34. Qxa3 Qf5 35. Qa8 Nc5 36. Rh8+ Kg6 37. Qf8 Re5 38. Qxd6+ 1-0

[Event "Reykjavik Open 2025"]
[Site "Reykjavik"]
[Date "2025.04.12"]
[Round "5.7"]
[White "Bekker, Stefan"]
[Black "Banusz, Tamas"]
[Result "0-1"]
[Annotator "ChessBase"]
[ECO "A11"]
[WhiteElo "2358"]
[BlackElo "2592"]
[PlyCount "96"]
[EventDate "2025.04.09"]
[EventType "swiss"]
[EventCountry "ISL"]
[SourceTitle "playchess.com"]
[Source "ChessBase"]
[SourceQuality "1"]
[TimeControl "40/5400+30:1800+30"]

1. Nf3 d5 2. c4 c6 3. g3 Nf6 4. Bg2 dxc4 5. O-O Nbd7 6. Qc2 e5 7. Qxc4 Bd6 8. d4 O-O 9. Nc3 Qe7 10. e4 Nb6 11. Qb3 exd4 12. Nxd4 Bc5 13. Nde2 Ng4 14. Nf4 Rd8 15. Qc2 Ne5 16. h3 a5 17. Nd1 a4 18. Ne3 a3 19. b3 g6 20. Bd2 Bd7 21. Bc3 Be8 22. Rad1 f6 23. Ng4 Nbd7 24. Nh6+ Kh8 25. b4 Bb6 26. g4 Kg7 27. Qc1 Bc7 28. Nh5+ Kh8 29. Ng3 Nf7 30. Nxf7+ Bxf7 31. f4 Kg8 32. Qa1 Bc4 33. Rf3 Rf8 34. h4 Nb6 35. Rd4 Qf7 36. Rxc4 Qxc4 37. Bf1 Qf7 38. g5 fxg5 39. hxg5 Bxf4 40. Bd4 Qc7 41. Qc3 Bxg3 42. Qb3+ Nd5 43. Rxg3 Rxf1+ 44. Kxf1 Qf4+ 45. Rf3 Qxe4 46. Bc5 Re8 47. Qxa3 Qe1+ 48. Kg2 Qd2+ 0-1

[Event "Reykjavik Open 2025"]
[Site "Reykjavik"]
[Date "2025.04.12"]
[Round "5.8"]
[White "Amar, Elham"]
[Black "Stefansson, Hannes"]
[Result "1-0"]
[Annotator "ChessBase"]
[ECO "B42"]
[WhiteElo "2546"]
[BlackElo "2420"]
[PlyCount "83"]
[EventDate "2025.04.09"]
[EventType "swiss"]
[EventCountry "ISL"]
[SourceTitle "playchess.com"]
[Source "ChessBase"]
[SourceQuality "1"]
[TimeControl "40/5400+30:1800+30"]

1. e4 c5 2. Nf3 e6 3. d4 cxd4 4. Nxd4 a6 5. Bd3 Bc5 6. Nb3 Ba7 7. Qe2 Ne7 8. Nc3 Nbc6 9. Be3 O-O 10. O-O-O b5 11. Bxa7 Rxa7 12. f4 d5 13. exd5 Nxd5 14. Nxd5 exd5 15. Kb1 Qf6 16. Qh5 g6 17. Qxd5 Bg4 18. Rd2 Rd8 19. Qg5 Qxg5 20. fxg5 Re7 21. h3 Bf5 22. Bxf5 Rxd2 23. Nxd2 gxf5 24. Kc1 Nb4 25. a3 Nd5 26. Nf3 Re2 27. Rd1 Ne3 28. Re1 Rxe1+ 29. Nxe1 Kg7 30. Kd2 f4 31. g4 Nc4+ 32. Kc3 Ne5 33. Nd3 f3 34. b3 f6 35. gxf6+ Kxf6 36. Kd4 Nc6+ 37. Ke4 Kg5 38. c4 Na5 39. c5 Nxb3 40. c6 Nc5+ 41. Kxf3 Na4 42. Nc5 1-0

[Event "Reykjavik Open 2025"]
[Site "Reykjavik"]
[Date "2025.04.12"]
[Round "5.9"]
[White "Maze, Sebastien"]
[Black "Nguyen, Paul"]
[Result "1-0"]
[Annotator "ChessBase"]
[ECO "C47"]
[WhiteElo "2557"]
[BlackElo "1936"]
[PlyCount "79"]
[EventDate "2025.04.09"]
[EventType "swiss"]
[EventCountry "ISL"]
[SourceTitle "playchess.com"]
[Source "ChessBase"]
[SourceQuality "1"]
[TimeControl "40/5400+30:1800+30"]

1. e4 e5 2. Nf3 Nf6 3. Nc3 Nc6 4. h3 d5 5. exd5 Nxd5 6. Bb5 Nxc3 7. bxc3 Bd6 8. O-O O-O 9. Re1 Qf6 10. d3 Bf5 11. Ng5 Qg6 12. Qf3 Bd7 13. Ne4 Be7 14. Qg3 Rfe8 15. Qxg6 hxg6 16. a4 Rad8 17. a5 b6 18. axb6 axb6 19. Bd2 Ra8 20. f4 f5 21. Nf2 Rxa1 22. Rxa1 Bd6 23. Bc4+ Kf8 24. fxe5 Nxe5 25. Bd5 Bc6 26. Bxc6 Nxc6 27. Kf1 Kf7 28. Nd1 Ke6 29. Ne3 Bf4 30. Nd5 Bd6 31. Re1+ Kd7 32. Rxe8 Kxe8 33. c4 Ne7 34. Ke2 Nxd5 35. cxd5 Be5 36. c4 Kd7 37. Bb4 c6 38. dxc6+ Kxc6 39. Ke3 b5 40. d4 1-0

[Event "Reykjavik Open 2025"]
[Site "Reykjavik"]
[Date "2025.04.12"]
[Round "5.10"]
[White "Sokolovsky, Yahli"]
[Black "Heimisson, Hilmir Freyr"]
[Result "1-0"]
[Annotator "ChessBase"]
[ECO "C65"]
[WhiteElo "2546"]
[BlackElo "2376"]
[PlyCount "93"]
[EventDate "2025.04.09"]
[EventType "swiss"]
[EventCountry "ISL"]
[SourceTitle "playchess.com"]
[Source "ChessBase"]
[SourceQuality "1"]
[TimeControl "40/5400+30:1800+30"]

1. e4 e5 2. Nf3 Nc6 3. Bb5 Nf6 4. d3 Bc5 5. c3 d5 6. exd5 Qxd5 7. Bc4 Qd6 8. b4 Bb6 9. Nbd2 Bf5 10. Ng5 O-O 11. Nde4 Nxe4 12. dxe4 Qxd1+ 13. Kxd1 Bg4+ 14. Kc2 h6 15. Nf3 Bxf2 16. Rf1 Bxf3 17. gxf3 Bh4 18. Rg1 Kh7 19. Rd1 Be7 20. Rd7 Bd6 21. Be3 Rad8 22. Rxd8 Rxd8 23. Bd5 a6 24. Rb1 Ra8 25. Bxc6 bxc6 26. c4 f5 27. c5 Be7 28. Rd1 fxe4 29. Rd7 Bg5 30. Bxg5 hxg5 31. fxe4 a5 32. a4 Rb8 33. bxa5 Rb4 34. Rxc7 Rxa4 35. Kb3 Rxa5 36. Rxc6 Ra1 37. Re6 Rh1 38. c6 Rc1 39. Kb4 g4 40. Kb5 Rc2 41. Rxe5 Kg6 42. Rc5 Rxh2 43. c7 Rh8 44. c8=Q Rg8 45. Qd8 Rxd8 46. Rc6+ Kg5 47. Rc1 1-0

[Event "Reykjavik Open 2025"]
[Site "Reykjavik"]
[Date "2025.04.12"]
[Round "5.11"]
[White "Sivuk, Vitaly"]
[Black "Haug, Havard"]
[Result "1/2-1/2"]
[Annotator "ChessBase"]
[ECO "A14"]
[WhiteElo "2505"]
[BlackElo "2339"]
[PlyCount "144"]
[EventDate "2025.04.09"]
[EventType "swiss"]
[EventCountry "ISL"]
[SourceTitle "playchess.com"]
[Source "ChessBase"]
[SourceQuality "1"]
[TimeControl "40/5400+30:1800+30"]

1. c4 e6 2. g3 Nf6 3. Bg2 d5 4. Nf3 c5 5. O-O Be7 6. b3 O-O 7. Bb2 Nc6 8. e3 Ne4 9. Na3 Bf6 10. Bxf6 Nxf6 11. d4 cxd4 12. Nxd4 Qe7 13. Nab5 Nxd4 14. Qxd4 e5 15. Qb2 dxc4 16. bxc4 e4 17. Rfd1 Be6 18. Nd6 Rad8 19. Nxe4 Rxd1+ 20. Rxd1 Bxc4 21. Nxf6+ Qxf6 22. Qb3 b6 23. Qxb6 Bxa2 24. Qxa7 Be6 25. Qd4 h6 26. Qxf6 gxf6 27. Bf3 Kg7 28. Kg2 Rb8 29. Rd4 Rb5 30. Be2 Rb2 31. Bc4 Bxc4 32. Rxc4 Ra2 33. g4 Ra7 34. Kg3 Rb7 35. Rc5 Ra7 36. h4 Rb7 37. Kf4 Ra7 38. Kf5 Rb7 39. f4 Ra7 40. e4 Rb7 41. g5 fxg5 42. hxg5 hxg5 43. Kxg5 f6+ 44. Kf5 Kf7 45. Ra5 Rc7 46. Ra6 Rc5+ 47. e5 fxe5 48. fxe5 Rc1 49. Ra7+ Kf8 50. Kf6 Rf1+ 51. Ke6 Re1 52. Ra5 Re2 53. Ra1 Re3 54. Rf1+ Ke8 55. Ra1 Kf8 56. Ra8+ Kg7 57. Kd6 Kf7 58. Ra7+ Ke8 59. Rh7 Re1 60. Ke6 Kf8 61. Rh8+ Kg7 62. Re8 Ra1 63. Rd8 Re1 64. Kd6 Kf7 65. Rd7+ Ke8 66. Rb7 Re2 67. Rb5 Kf7 68. Rd5 Ra2 69. e6+ Kf6 70. Rc5 Ra6+ 71. Rc6 Rxc6+ 72. Kxc6 Kxe6 1/2-1/2

[Event "Reykjavik Open 2025"]
[Site "Reykjavik"]
[Date "2025.04.12"]
[Round "5.12"]
[White "Song, Yuxin"]
[Black "Papp, Gabor"]
[Result "0-1"]
[Annotator "ChessBase"]
[ECO "C70"]
[WhiteElo "2371"]
[BlackElo "2502"]
[PlyCount "54"]
[EventDate "2025.04.09"]
[EventType "swiss"]
[EventCountry "ISL"]
[SourceTitle "playchess.com"]
[Source "ChessBase"]
[SourceQuality "1"]
[TimeControl "40/5400+30:1800+30"]

1. e4 e5 2. Nf3 Nc6 3. Bb5 a6 4. Ba4 f5 5. d4 exd4 6. e5 b5 7. Bb3 Bb7 8. O-O Na5 9. Bxg8 Rxg8 10. Nxd4 Qe7 11. Nxf5 Qe6 12. Ng3 O-O-O 13. Qe2 Nc6 14. f4 g5 15. c3 h5 16. f5 Qxe5 17. f6 Bc5+ 18. Kh1 h4 19. Ne4 h3 20. Nbd2 hxg2+ 21. Qxg2 Rh8 22. Re1 d5 23. Nf3 Qxe4 24. Rxe4 dxe4 25. Qg4+ Kb8 26. Qxe4 Rd1+ 27. Kg2 Nd8 0-1